 Dungeon Crawl Stone Soup version 0.30-a0-715-gdb4ae3ece1 (webtiles) character file.

Game seed: 7966273370663934562

420 scionoferis the Chiller (level 6, -15/45 HPs)
             Began as a Demigod Ice Elementalist on Jan 23, 2023.
             Demolished by an ogre
             ... wielding a +0 giant spiked club
              (21 damage)
             ... on level 5 of the Dungeon.
             The game lasted 00:12:17 (3334 turns).

scionoferis the Chiller (Demigod Ice Elementalist)  Turns: 3334, Time: 00:12:17

Health: -15/45     AC: 10    Str: 13    XL:     6   Next: 35%
Magic:  2/13       EV: 12    Int: 27    God:
Gold:   145        SH:  0    Dex: 14    Spells: 4/11 levels left

rFire   + . .      SeeInvis .    a - +2 short sword (drain)
rCold   . . .      Faith    .    (no shield)
rNeg    . . .      Spirit   .    m - +0 robe
rPois   .          Reflect  .    z - +0 helmet
rElec   .          Harm     .    (no cloak)
rCorr   .          Rampage  .    (no gloves)
Will    .....                    (no boots)
Stlth   +++                      (no amulet)
HPRegen 0.27/turn                q - +6 ring of intelligence
MPRegen 0.13/turn                i - ring of protection from fire

@: ice-armoured, freezing walls
A: high MP 1, forlorn, divine attributes
a: no special abilities


You were on level 5 of the Dungeon.
You visited 1 branch of the dungeon, and saw 6 of its levels.

You collected 145 gold pieces.


Innate Abilities, Weirdness & Mutations

You have an increased reservoir of magic. (+10% MP)
You shall have no god before yourself.
Your divine heritage dramatically boosts your attributes as you level up.


   Skills:
 - Level 1.7 Dodging
 - Level 4.0 Stealth
 + Level 3.2 Spellcasting
 * Level 5.7 Ice Magic


You had 4 spell levels left.
You knew the following spells:

 Your Spells              Type           Power      Damage    Failure   Level
a - Freeze                Ice            100%       1d10      1%          1
b - Frozen Ramparts       Ice            70%        1d11      2%          3
c - Ozocubu's Armour      Ice            35%        N/A       2%          3

Your spell library contained the following spells:

 Spells                   Type           Power      Damage    Failure   Level
 Blink                    Tloc           8%         N/A       13%         2
 Lesser Beckoning         Tloc           8%         N/A       13%         2
 Momentum Strike          Conj/Tloc      8%         3d8       13%         2
 Summon Ice Beast         Ice/Summ       19%        N/A       26%         4

Inventory:

Hand Weapons
 a - a +2 short sword of draining (weapon)
   (You took it off Terence on level 2 of the Dungeon)
 r - a +0 dagger of venom
   (You took it off a kobold on level 2 of the Dungeon)
 x - a +0 long sword
   (You found it on level 3 of the Dungeon)
Missiles
 d - 7 boomerangs
 e - 44 stones
Armour
 m - a +0 robe (worn)
 v - an orb of mayhem
   (You found it on level 3 of the Dungeon)
 z - a +0 helmet (worn)
   (You found it on level 3 of the Dungeon)
Magical Staves
 u - a staff of death
   (You found it on level 3 of the Dungeon)
Jewellery
 i - a ring of protection from fire (right hand)
   (You found it on level 6 of the Dungeon)
 j - an amulet of guardian spirit
   (You found it on level 1 of the Dungeon)
 q - a +6 ring of intelligence (left hand)
   (You found it on level 2 of the Dungeon)
 t - a ring of ice
   (You found it on level 3 of the Dungeon)
Scrolls
 c - 4 scrolls of identify {unknown}
 f - a scroll of vulnerability {unknown}
 g - 3 scrolls of noise {unknown}
 p - a scroll of immolation {unknown}
 w - a scroll of brand weapon {unknown}
 y - a scroll of enchant armour {unknown}
 A - a scroll of enchant weapon {unknown}
Potions
 b - a potion of magic
 h - a potion of might
 k - a potion of brilliance {unknown}
 l - a potion of invisibility {unknown}
 n - a potion of haste {unknown}
 o - 2 potions of degeneration {unknown}
 s - 3 potions of heal wounds {unknown}

Dungeon Overview and Level Annotations

Branches:
Dungeon (6/15)
 Temple: D:4-7

######+##.
#.........#
#.........#
#.........#
#.........# ....
####.........##....
#.@O.......>. #....
#.##l...###.###.##.
#.#....####.=....#.
#.................#.
##.#....#.##O####...
...#....#.##...)....
###.........#...##...
#.........###.##.#l
#.........# #.O#.#.


You could see an ogre (very drained) and an iguana.


Message History

The hobgoblin hits you.
Aiming: Freeze (safe; 4% risk of failure)
Press: ? - help, Q - select action, (/) - cycle Shift-Dir - straight line, f - hobgoblin
Aim: a hobgoblin You freeze the hobgoblin.
The hobgoblin is heavily wounded.
A kobold comes into view. It is wielding a +0 dagger.
The hobgoblin hits you. The hobgoblin attacks as you move away!
The hobgoblin completely misses you.
The kobold throws a stone.
The stone closely misses you.
The kobold throws a stone.
The stone closely misses you.
Aiming: Freeze (safe; 4% risk of failure)
Press: ? - help, Q - select action, (/) - cycle Shift-Dir - straight line, f/p - hobgoblin
Aim: a hobgoblin (heavily wounded)
You freeze the hobgoblin.
You kill the hobgoblin!
The kobold throws a stone.
The stone barely misses you.
Aiming: Freeze (safe; 4% risk of failure)
Press: ? - help, Q - select action, (/) - cycle Shift-Dir - straight line, f - goblin
Aim: a goblin, wielding a +0 dagger You freeze the goblin!
You kill the goblin!
Aiming: Freeze (safe; 3% risk of failure)
Press: ? - help, Q - select action, (/) - cycle Shift-Dir - straight line, f - kobold
Aim: a kobold, wielding a +0 dagger and quivering stones You freeze the kobold.
You kill the kobold!
e - 15 stones (gained 2)
Items here: )) ††.
You start resting.
HP restored.
Magic restored.
There is a stone staircase leading down here.
Found a stone staircase leading down.
Found a hand axe.
A hobgoblin comes into view.
Found 12 gold pieces.
The helpless hobgoblin fails to defend itself.
You puncture the hobgoblin!
You kill the hobgoblin!
You now have 35 gold pieces (gained 12).
Found a falchion.
You see here a +0 falchion.
i - a +0 falchion
j - an amulet of guardian spirit You see here a +0 hand axe.
There is a stone staircase leading down here.
A ball python comes into view.
Aiming: Freeze (safe; 3% risk of failure)
Press: ? - help, Q - select action, (/) - cycle Shift-Dir - straight line, f - ball python
Aim: a ball python You freeze the ball python.
You kill the ball python!
A hobgoblin comes into view.
A hobgoblin is nearby!
The hobgoblin shouts!
You hear a bark!
Casting: Freeze (safe; 3% risk of failure)
Confirm with . or Enter, or press ? or * to list all spells.
Aiming: Freeze (safe; 3% risk of failure)
Press: ? - help, Shift-Dir - straight line, f - hobgoblin
Aim: a hobgoblin You freeze the hobgoblin.
The hobgoblin is almost dead.
The hobgoblin hits you.
Casting: Freeze (safe; 3% risk of failure)
Confirm with . or Enter, or press ? or * to list all spells.
Aiming: Freeze (safe; 3% risk of failure)
Press: ? - help, Shift-Dir - straight line, f/p - hobgoblin
Aim: a hobgoblin (almost dead)
You freeze the hobgoblin.
You kill the hobgoblin!
A jackal comes into view.
A jackal comes into view.
A jackal comes into view.
Casting: Freeze (safe; 3% risk of failure)
Confirm with . or Enter, or press ? or * to list all spells.
Aiming: Freeze (safe; 3% risk of failure)
Press: ? - help, Shift-Dir - straight line, f - jackal
Aim: a jackal You freeze the jackal.
The jackal is lightly wounded.
The jackal barks!
The jackal barely misses you.
Casting: Freeze (safe; 3% risk of failure)
Confirm with . or Enter, or press ? or * to list all spells.
Aiming: Freeze (safe; 3% risk of failure)
Press: ? - help, Shift-Dir - straight line, f/p - jackal
Aim: a jackal (lightly wounded)
You freeze the jackal.
You kill the jackal!
The jackal barely misses you.
Your Ice Magic skill increases to level 4!
Casting: Freeze (safe; 3% risk of failure)
Confirm with . or Enter, or press ? or * to list all spells.
Aiming: Freeze (safe; 3% risk of failure)
Press: ? - help, Shift-Dir - straight line, f - jackal
Aim: a jackal You freeze the jackal.
The jackal is severely wounded.
The jackal barely misses you.
Casting: Freeze (safe; 3% risk of failure)
Confirm with . or Enter, or press ? or * to list all spells.
Aiming: Freeze (safe; 3% risk of failure)
Press: ? - help, Shift-Dir - straight line, f/p - jackal
Aim: a jackal (severely wounded)
You freeze the jackal.
You kill the jackal!
The jackal barely misses you.
Casting: Freeze (safe; 3% risk of failure)
Confirm with . or Enter, or press ? or * to list all spells.
Aiming: Freeze (safe; 3% risk of failure)
Press: ? - help, Shift-Dir - straight line, f - jackal
Aim: a jackal You freeze the jackal.
You kill the jackal!
You start resting.
A frilled lizard comes into view.
You start resting.
A frilled lizard is nearby!
You see here a jackal corpse.
Casting: Freeze (safe; 3% risk of failure)
Confirm with . or Enter, or press ? or * to list all spells.
Aiming: Freeze (safe; 3% risk of failure)
Press: ? - help, Shift-Dir - straight line, f - frilled lizard
Aim: a frilled lizard You freeze the frilled lizard.
You kill the frilled lizard!
You start resting.
Magic restored.
You see here a frilled lizard corpse.
Found a robe.
Found a robe.
A ball python comes into view.
Found 11 gold pieces.
The helpless ball python fails to defend itself.
You hit the ball python.
You kill the ball python!
A jackal comes into view.
The jackal barks!
Casting: Freeze (safe; 3% risk of failure)
Confirm with . or Enter, or press ? or * to list all spells.
Aiming: Freeze (safe; 3% risk of failure)
Press: ? - help, Shift-Dir - straight line, f - jackal
Aim: a jackal You freeze the jackal!
You kill the jackal!
You now have 46 gold pieces (gained 11).
k - a green potion You see here a jackal corpse.
Done exploring.
Search for what [? for help]? d: Unknown command.
There is a stone staircase leading down here.
You climb downwards.
Found 12 gold pieces.
Found a stone staircase leading down and a stone staircase leading up.
There is a stone staircase leading up here.
The kobold hits you but does no damage.
Casting: Freeze (safe; 3% risk of failure)
Confirm with . or Enter, or press ? or * to list all spells.
Aiming: Freeze (safe; 3% risk of failure)
Press: ? - help, Shift-Dir - straight line, f - kobold
Aim: a kobold, wielding a +0 short sword You freeze the kobold.
The kobold is moderately wounded.
The kobold barely misses you.
Casting: Freeze (safe; 3% risk of failure)
Confirm with . or Enter, or press ? or * to list all spells.
Aiming: Freeze (safe; 3% risk of failure)
Press: ? - help, Shift-Dir - straight line, f/p - kobold
Aim: a kobold, wielding a +0 short sword (moderately wounded)
You freeze the kobold.
You kill the kobold!
Magic restored.
You now have 58 gold pieces (gained 12).
You see here a +0 short sword.
A frilled lizard comes into view.
The frilled lizard hisses angrily.
The frilled lizard moves out of view.
Aiming: Freeze (safe; 3% risk of failure)
Press: ? - help, Q - select action, (/) - cycle Shift-Dir - straight line, f - frilled lizard
Aim: a frilled lizard You freeze the frilled lizard.
You kill the frilled lizard!
l - a coppery potion
g - 3 scrolls labelled CYLLURPH VULOLL (gained 2)
You open the door.
A rat and a bat come into view.
Terence and a bat come into view.
Terence is wielding a +2 short sword of draining.
Found 5 boomerangs, 4 gold pieces and a smoky grey potion.
There is an open door here.
The bat closely misses you.
Aiming: Freeze (safe; 3% risk of failure)
Press: ? - help, Q - select action, (/) - cycle Shift-Dir - straight line, f - bat
Aim: a bat You miscast Freeze.
You are very lightly contaminated with residual magic.
Nothing appears to happen.
The bat hits you but does no damage.
Aiming: Freeze (safe; 3% risk of failure)
Press: ? - help, Q - select action, (/) - cycle Shift-Dir - straight line, f/p - bat
Aim: a bat You freeze the bat!
You kill the bat!
You start resting.
Your magical contamination has completely faded away.
You start resting.
Magic restored.
A hobgoblin comes into view.
The helpless hobgoblin fails to defend itself.
You hit the hobgoblin.
The hobgoblin is heavily wounded.
The hobgoblin hits you.
Casting: Freeze (safe; 3% risk of failure)
Confirm with . or Enter, or press ? or * to list all spells.
Aiming: Freeze (safe; 3% risk of failure)
Press: ? - help, Shift-Dir - straight line, f - hobgoblin
Aim: a hobgoblin (heavily wounded)
You freeze the hobgoblin.
You kill the hobgoblin!
You have reached level 3!
Your experience leads to a dramatic increase in your attributes!
Increase (S)trength, (I)ntelligence, or (D)exterity?
You feel clever. x4
This spell is quite dangerous to cast!
Memorise Frozen Ramparts, consuming 3 spell levels and leaving 2?
You start memorising the spell.
You continue memorising. x3
You finish memorising.
Spell assigned to 'b'.
You start resting.
HP restored.
You start resting.
Magic restored.
A ball python comes into view.
The helpless ball python fails to defend itself.
You hit the ball python.
You kill the ball python!
You see here a ball python corpse.
You see here a ball python corpse.
You now have 65 gold pieces (gained 7).
A dart slug comes into view.
Found 7 stones.
The dart slug launches a dart at you. The slug dart misses you.
Aiming: Freeze (safe; 2% risk of failure)
Press: ? - help, Q - select action, (/) - cycle Shift-Dir - straight line, f - dart slug
Aim: a dart slug You freeze the dart slug.
The dart slug is heavily wounded.
The dart slug launches a dart at you. The slug dart hits you.
Aiming: Freeze (safe; 2% risk of failure)
Press: ? - help, Q - select action, (/) - cycle Shift-Dir - straight line, f/p - dart slug
Aim: a dart slug (heavily wounded)
You freeze the dart slug.
You kill the dart slug!
HP restored.
e - 22 stones (gained 7)
A jackal comes into view.
Found a stone staircase leading down.
You see here a dart slug corpse.
The helpless jackal fails to defend itself.
You hit the jackal.
You kill the jackal!
No target in view! 2 jackals come into view.
The helpless jackal fails to defend itself.
You hit the jackal.
The jackal is severely wounded.
The jackal bites you.
You hit the jackal.
You kill the jackal!
The jackal barks!
The jackal closely misses you.
You see here a jackal corpse.
You hit the jackal but do no damage. The jackal barely misses you.
Casting: Freeze (safe; 2% risk of failure)
Confirm with . or Enter, or press ? or * to list all spells.
Aiming: Freeze (safe; 2% risk of failure)
Press: ? - help, Shift-Dir - straight line, f - jackal
Aim: a jackal You freeze the jackal.
The jackal is almost dead.
The jackal bites you. The jackal barely misses you.
Aiming: Freeze (safe; 2% risk of failure)
Press: ? - help, Q - select action, (/) - cycle Shift-Dir - straight line, f/p - jackal
Aim: a jackal (almost dead)
You freeze the jackal!
You kill the jackal!
You now have 76 gold pieces (gained 11).
A rat comes into view.
An endoplasm comes into view.
A kobold comes into view. It is wielding a +0 dagger of venom.
The rat attacks as you move away! The rat bites you.
Aiming: Freeze (safe; 2% risk of failure)
Press: ? - help, Q - select action, (/) - cycle Shift-Dir - straight line, f - rat
Aim: a rat You freeze the rat.
You kill the rat!
An endoplasm is nearby!
You see here a rat corpse.
Aiming: Freeze (safe; 2% risk of failure)
Press: ? - help, Q - select action, (/) - cycle Shift-Dir - straight line, f - kobold
Aim: a kobold, wielding a +0 dagger of venom (wandering, hasn't noticed you)
Okay, then.
You miss the kobold.
The kobold shouts!
The endoplasm quivers.
The kobold hits you but does no damage.
You are poisoned.
Aiming: Freeze (safe; 2% risk of failure)
Press: ? - help, Q - select action, (/) - cycle Shift-Dir - straight line, f - kobold
Aim: a kobold, wielding a +0 dagger of venom You freeze the kobold!
You kill the kobold!
You feel very sick.
You feel sick.
Things that are here:
a +0 dagger of venom; 17 gold pieces; a kobold corpse
m - a +0 dagger of venom You feel sick.
Aiming: Freeze (safe; 2% risk of failure)
Press: ? - help, Q - select action, (/) - cycle Shift-Dir - straight line, f - endoplasm
Aim: an endoplasm You freeze the endoplasm.
The endoplasm is heavily wounded.
You feel sick. The endoplasm hits you.
Aiming: Freeze (safe; 2% risk of failure)
Press: ? - help, Q - select action, (/) - cycle Shift-Dir - straight line, f/p - endoplasm
Aim: an endoplasm (heavily wounded)
You freeze the endoplasm.
The endoplasm is severely wounded.
You feel sick. The endoplasm hits you.
Aiming: Freeze (safe; 2% risk of failure)
Press: ? - help, Q - select action, (/) - cycle Shift-Dir - straight line, f/p - endoplasm
Aim: an endoplasm (severely wounded)
You freeze the endoplasm.
You kill the endoplasm!
You feel sick.
Adjust to which letter? (? for menu, Esc to quit)
a - a +0 dagger of venom;
m - a +0 robe (worn)
Your +0 dagger of venom begins to drip with poison!
a - a +0 dagger of venom (weapon)
You start resting.
You feel sick. x2
You are no longer poisoned.
You start resting.
Magic restored.
You start resting.
HP restored.
You now have 93 gold pieces (gained 17).
You see here a kobold corpse.
A giant cockroach and a dart slug come into view.
You hit the dart slug.
The dart slug is lightly wounded.
The dart slug barely misses you.
You hit the dart slug but do no damage.
The dart slug is lightly wounded.
The dart slug launches a dart at you. The slug dart misses you.
Aiming: Freeze (safe; 2% risk of failure)
Press: ? - help, Q - select action, (/) - cycle Shift-Dir - straight line, f - dart slug
Aim: a dart slug (lightly wounded)
You freeze the dart slug!
The dart slug is almost dead.
Aiming: Freeze (safe; 2% risk of failure)
Press: ? - help, Q - select action, (/) - cycle Shift-Dir - straight line, f/p - dart slug
Aim: a dart slug (almost dead)
You freeze the dart slug!
You kill the dart slug!
Aiming: Freeze (safe; 2% risk of failure)
Press: ? - help, Q - select action, (/) - cycle Shift-Dir - straight line, f - giant cockroach
Aim: a giant cockroach You freeze the giant cockroach.
The giant cockroach is almost dead.
The giant cockroach closely misses you.
Aiming: Freeze (safe; 2% risk of failure)
Press: ? - help, Q - select action, (/) - cycle Shift-Dir - straight line, f/p - giant cockroach
Aim: a giant cockroach (almost dead)
You freeze the giant cockroach!
You kill the giant cockroach!
Magic restored.
A bat comes into view.
Found a stone staircase leading down.
A dart slug comes into view.
Found a cyan potion.
The dart slug launches a dart at you. The slug dart hits you.
The dart slug launches a dart at you. The slug dart misses you.
Aiming: Freeze (safe; 2% risk of failure)
Press: ? - help, Q - select action, (/) - cycle Shift-Dir - straight line, f - dart slug
Aim: a dart slug You freeze the dart slug.
The dart slug is moderately wounded.
The dart slug barely misses you.
Aiming: Freeze (safe; 2% risk of failure)
Press: ? - help, Q - select action, (/) - cycle Shift-Dir - straight line, f/p - dart slug
Aim: a dart slug (moderately wounded)
You freeze the dart slug!
You kill the dart slug!
You start resting.
Magic restored.
You start resting.
HP restored.
A kobold comes into view. It is wielding a +0 short sword.
The kobold shouts!
You see here a dart slug corpse.
The bat hits you but does no damage. The bat hits you but does no damage.
You see here a dart slug corpse.
The bat barely misses you.
Aiming: Freeze (safe; 2% risk of failure)
Press: ? - help, Q - select action, (/) - cycle Shift-Dir - straight line, f - bat
Aim: a bat You freeze the bat!
You kill the bat!
Aiming: Freeze (safe; 2% risk of failure)
Press: ? - help, Q - select action, (/) - cycle Shift-Dir - straight line, f - kobold
Aim: a kobold, wielding a +0 short sword You freeze the kobold!
You kill the kobold!
Things that are here:
a +0 short sword; a bat corpse Magic restored.
n - a cyan potion
o - 2 smoky sapphire potions
p - a scroll labelled DOABLU ITUF
e - 25 stones (gained 3)
Found a club.
Found a faded altar of an unknown god.
You see here a +0 club.
A dart slug comes into view.
The helpless dart slug fails to defend itself.
You puncture the dart slug!
The dart slug is poisoned.
The dart slug is severely wounded.
You kill the dart slug!
Found a spear.
Found a stone staircase leading up.
q - a +6 ring of intelligence You feel clever.
q - a +6 ring of intelligence (left hand)
An endoplasm comes into view.
There is a stone staircase leading up here.
Found a scroll labelled WOESHR WITWINODD.
The helpless endoplasm fails to defend itself.
You puncture the endoplasm!
You kill the endoplasm!
c - 2 scrolls labelled WOESHR WITWINODD (gained 1)
e - 32 stones (gained 7)
Found a club.
A goblin comes into view. It is wielding a +0 dagger.
Okay, then.
The goblin shouts!
Aiming: Freeze (safe; 1% risk of failure)
Press: ? - help, Q - select action, (/) - cycle Shift-Dir - straight line, f - goblin
Aim: a goblin, wielding a +0 dagger You freeze the goblin.
You kill the goblin!
You see here a +0 dagger.
You now have 99 gold pieces (gained 6).
You see here a +0 dagger.
You see here a +0 dagger.
Partly explored, can't reach some items and places.
Throw: 32 stones
Press: ? - help, Q - select action, (/) - cycle Shift-Dir - straight line, f - rat
Aim: a rat (asleep, 98% to hit)
You throw a stone.
The stone hits the rat but does no damage.
Throw: 31 stones
Press: ? - help, Q - select action, (/) - cycle Shift-Dir - straight line, f/p - rat
Aim: a rat (57% to hit)
You throw a stone.
The stone hits the rat but does no damage.
The rat bites you but does no damage.
Throw: 30 stones
Press: ? - help, Q - select action, (/) - cycle Shift-Dir - straight line, f/p - rat
Aim: a rat (57% to hit)
You throw a stone. The stone hits the rat.
The rat is heavily wounded.
The rat misses you.
Throw: 29 stones
Press: ? - help, Q - select action, (/) - cycle Shift-Dir - straight line, f/p - rat
Aim: a rat (heavily wounded, 57% to hit)
You throw a stone.
The stone hits the rat but does no damage.
The rat is heavily wounded.
The rat closely misses you.
Throw: 28 stones
Press: ? - help, Q - select action, (/) - cycle Shift-Dir - straight line, f/p - rat
Aim: a rat (heavily wounded, 57% to hit)
You throw a stone.
The stone hits the rat but does no damage.
The rat is heavily wounded.
The rat bites you.
Throw: 27 stones
Press: ? - help, Q - select action, (/) - cycle Shift-Dir - straight line, f/p - rat
Aim: a rat (heavily wounded, 57% to hit)
You throw a stone. The stone hits the rat.
You kill the rat!
Okay, then.
You see here a rat corpse.
There is an open door here.
A rat comes into view.
Found a book of Spatial Translocations.
There is an open door here.
Terence shouts!
A kobold comes into view. It is wielding a +0 club.
The bat barely misses you.
The kobold shouts!
There is an open door here.
The bat hits you but does no damage. The bat attacks as you move away!
The bat hits you. The bat barely misses you.
The bat hits you but does no damage.
You see here a rat corpse.
The bat closely misses you.
Casting: Freeze (safe; 1% risk of failure)
Confirm with . or Enter, or press ? or * to list all spells.
The spell is quite dangerous to miscast (4% risk of failure)!
Continue anyway?
Casting: Frozen Ramparts (quite dangerous; 4% risk of failure)
Press: ? - help, Dir - look around, f - activate The walls around you are covered in ice.
The wall freezes the bat but does no damage.
The wall freezes the bat.
The bat closely misses you.
The wall freezes the bat.
You kill the bat!
The wall freezes Terence.
The wall freezes Terence.
Aiming: Freeze (safe; 1% risk of failure)
Press: ? - help, Q - select action, (/) - cycle Shift-Dir - straight line, f - Terence
Aim: Terence, wielding a +2 short sword of draining and wearing a +0 scale mail (heavily wounded)
You freeze Terence!
Terence is almost dead.
The wall freezes the rat.
You kill the rat!
The wall freezes Terence.
You kill Terence!
Your Stealth skill increases to level 3!
You have reached level 4!
The wall freezes the kobold.
The wall freezes the kobold.
Aiming: Freeze (safe; 1% risk of failure)
Press: ? - help, Q - select action, (/) - cycle Shift-Dir - straight line, f - kobold
Aim: a kobold, wielding a +0 club (severely wounded)
You freeze the kobold.
You kill the kobold!
You start resting.
The frozen ramparts melt away.
You start resting.
Magic restored.
Items here: )) [ ††.
r - a +2 short sword of draining Adjust to which letter? (? for menu, Esc to quit)
a - a +2 short sword of draining;
r - a +0 dagger of venom (weapon)
Your +0 dagger of venom stops dripping with poison.
You sense an unholy aura.
a - a +2 short sword of draining (weapon)
You drop a +0 short sword.
You drop a +0 falchion.
You see here a rat corpse.
There is an open door here.
A giant cockroach comes into view.
Aiming: Freeze (safe; 1% risk of failure)
Press: ? - help, Q - select action, (/) - cycle Shift-Dir - straight line, f - giant cockroach
Aim: a giant cockroach You freeze the giant cockroach!
You kill the giant cockroach!
You now have 103 gold pieces (gained 4).
h - 2 smoky grey potions (gained 1)
You pick up a book of Spatial Translocations and begin reading...
You add the spells Blink, Momentum Strike and Lesser Beckoning to your library.
You see here 5 boomerangs.
d - 5 boomerangs Done exploring.
You see here a giant cockroach corpse.
There is an open door here.
There is a stone staircase leading up here.
There is a stone staircase leading down here.
You climb downwards.
Found a ring mail.
There is a stone staircase leading up here.
You see here a +0 ring mail.
Found a stone staircase leading up.
There is a stone staircase leading up here.
c - 3 scrolls labelled WOESHR WITWINODD (gained 1)
Found an escape hatch in the ceiling.
Found a hat.
There is an escape hatch in the ceiling here.
You see here a +0 hat.
A rat comes into view.
Aiming: Freeze (safe; 1% risk of failure)
Press: ? - help, Q - select action, (/) - cycle Shift-Dir - straight line, f - rat
Aim: a rat (asleep)
Okay, then.
The helpless rat fails to defend itself.
You puncture the rat!
You kill the rat!
You see here a +0 hat.
i - a +0 hat A ball python comes into view.
The ball python hisses angrily.
Aiming: Freeze (safe; 1% risk of failure)
Press: ? - help, Q - select action, (/) - cycle Shift-Dir - straight line, f - ball python
Aim: a ball python You freeze the ball python!
You kill the ball python!
Magic restored.
s - 2 ruby potions
c - 4 scrolls labelled WOESHR WITWINODD (gained 1)
You now have 109 gold pieces (gained 6).
A shadow imp comes into view.
The shadow imp shouts, "Flee, thou craven fly-bitten bandersnitch!"
Aiming: Freeze (safe; 1% risk of failure)
Press: ? - help, Q - select action, (/) - cycle Shift-Dir - straight line, f - shadow imp
Aim: a shadow imp You freeze the shadow imp.
The shadow imp resists.
The shadow imp is moderately wounded.
The shadow imp hits you.
Aiming: Freeze (safe; 1% risk of failure)
Press: ? - help, Q - select action, (/) - cycle Shift-Dir - straight line, f/p - shadow imp
Aim: a shadow imp (moderately wounded)
You freeze the shadow imp.
The shadow imp resists.
The shadow imp is moderately wounded.
The shadow imp hits you.
Aiming: Freeze (safe; 1% risk of failure)
Press: ? - help, Q - select action, (/) - cycle Shift-Dir - straight line, f/p - shadow imp
Aim: a shadow imp (moderately wounded)
You freeze the shadow imp.
The shadow imp resists.
The shadow imp is heavily wounded.
The shadow imp gestures at you. Pain shoots through your body!
Aiming: Freeze (safe; 1% risk of failure)
Press: ? - help, Q - select action, (/) - cycle Shift-Dir - straight line, f/p - shadow imp
Aim: a shadow imp (heavily wounded)
You freeze the shadow imp.
The shadow imp resists.
The shadow imp is heavily wounded.
The shadow imp misses you.
Press: ? - help, v - describe, . - travel
Here: a shadow imp (heavily wounded)
The floor.
You hit the shadow imp.
The shadow imp is almost dead.
The shadow imp hits you.
You hit the shadow imp but do no damage.
The shadow imp is almost dead.
The shadow imp misses you.
You hit the shadow imp but do no damage.
The shadow imp is almost dead.
The shadow imp grinds its teeth.
The shadow imp barely misses you.
You hit the shadow imp.
You kill the shadow imp!
You start resting.
Magic restored.
You start resting.
HP restored.
You open the door.
Found a hand axe.
There is an open door here.
You open the door.
There is an open door here.
A goblin comes into view. It is wielding a +0 dagger.
A giant cockroach comes into view.
Found a robe.
The giant cockroach bites you.
You barely miss the giant cockroach. The giant cockroach barely misses you.
Aiming: Freeze (safe; 1% risk of failure)
Press: ? - help, Q - select action, (/) - cycle Shift-Dir - straight line, f - giant cockroach
Aim: a giant cockroach You freeze the giant cockroach!
You kill the giant cockroach!
The helpless goblin fails to defend itself.
You puncture the goblin!
You kill the goblin!
You see here a +0 dagger.
Magic restored.
t - a ring of ice You see here a staff of death.
u - a staff of death
e - 30 stones (gained 4)
You see here an orb of mayhem.
v - an orb of mayhem You open the door.
There is an open door here.
w - a scroll labelled ACAADE UNNYSA You open the door.
A bat comes into view.
There is an open door here.
You hit the bat.
You kill the bat!
No target in view!
You see here a bat corpse.
Found a stone staircase leading up.
There is a stone staircase leading up here.
You open the door.
There is an open door here.
A goblin comes into view. It is wielding a +0 club.
The goblin shouts!
Aiming: Freeze (safe; 1% risk of failure)
Press: ? - help, Q - select action, (/) - cycle Shift-Dir - straight line, f - goblin
Aim: a goblin, wielding a +0 club You freeze the goblin.
You kill the goblin!
This spell is dangerous to cast!
Memorise Ozocubu's Armour, consuming 3 spell levels and leaving 0?
You start memorising the spell.
You continue memorising. x3
You finish memorising.
Spell assigned to 'c'.
e - 35 stones (gained 5)
You see here a +0 club.
Found a stone staircase leading down.
Found a stone staircase leading down.
Found a long sword.
You see here a +0 long sword.
x - a +0 long sword
e - 39 stones (gained 4)
You open the door.
There is an open door here.
You open the door.
There is an open door here.
Found an escape hatch in the floor.
Found a stone staircase leading down.
You now have 121 gold pieces (gained 12).
y - a scroll labelled LYPPACZINEIPH
Found a helmet.
You see here a +0 helmet.
z - a +0 helmet You start putting on your armour.
You continue putting on your +0 helmet. x4
You finish putting on your +0 helmet.
You drop a +0 hat.
There is an open door here.
You see here a +0 club.
You open the door.
There is an open door here.
s - 3 ruby potions (gained 1)
You open the door.
There is an open door here.
You open the door.
There is an open door here.
There is an open door here.
Done exploring.
Search for what [Enter for "d:", or ? for help]? : Unknown command.
You see here a +0 robe.
You see here a +0 dagger.
There is a stone staircase leading down here.
You climb downwards.
You hear the hiss of flowing sand.
There is an entrance to an ossuary on this level.
Hurry and find it before the portal is buried!
Found 14 gold pieces.
There is a stone staircase leading up here.
A scorpion comes into view.
Found a stone staircase leading up.
You see here 14 gold pieces.
You now have 135 gold pieces (gained 14).
Casting: Freeze (safe; 1% risk of failure)
Confirm with . or Enter, or press ? or * to list all spells.
Casting: Frozen Ramparts (dangerous; 4% risk of failure)
Press: ? - help, Dir - look around, f - activate The walls around you are covered in ice.
The wall freezes the scorpion.
Casting: Frozen Ramparts (dangerous; 4% risk of failure)
Confirm with . or Enter, or press ? or * to list all spells.
A film of ice covers your body!
The wall freezes the scorpion.
You closely miss the scorpion.
The scorpion is moderately wounded.
The wall freezes the scorpion.
The scorpion barely misses you.
The wall freezes the scorpion.
The scorpion stings you but does no damage.
You hit the scorpion.
The scorpion is heavily wounded.
The wall freezes the scorpion.
The scorpion stings you but does no damage.
Aiming: Freeze (safe; 1% risk of failure)
Press: ? - help, Q - select action, (/) - cycle Shift-Dir - straight line, f - scorpion
Aim: a scorpion (severely wounded)
You freeze the scorpion.
The scorpion is almost dead.
The wall freezes the scorpion.
You kill the scorpion!
Your icy armour cracks and falls away as you move.
The frozen ramparts melt away as you move.
There is a stone staircase leading up here.
Found a stone staircase leading down.
There is a stone staircase leading down here.
Found 10 gold pieces and a spear.
A kobold comes into view. It is wielding a +0 whip.
The kobold shouts!
An orc comes into view. It is wielding a +0 whip.
Casting: Freeze (safe; 1% risk of failure)
Confirm with . or Enter, or press ? or * to list all spells.
Casting: Frozen Ramparts (dangerous; 4% risk of failure)
Press: ? - help, Dir - look around, f - activate The walls around you are covered in ice.
The orc shouts!
An endoplasm comes into view.
The wall freezes the kobold.
You kill the kobold!
The orc throws a boomerang.
The boomerang hits you.
You hear the slow hiss of a very distant avalanche of sand.
An iguana comes into view.
Casting: Frozen Ramparts (dangerous; 4% risk of failure)
Confirm with . or Enter, or press ? or * to list all spells.
A film of ice covers your body!
The iguana hisses angrily.
The wall freezes the orc!
You kill the orc!
An endoplasm comes into view.
You have reached level 5!
The endoplasm quivers.
The wall freezes the endoplasm.
The wall freezes the endoplasm but does no damage.
The endoplasm freezes you.
You are frozen.
The wall freezes the endoplasm.
You kill the endoplasm!
The wall freezes the iguana.
The iguana seems to slow down.
Aiming: Freeze (safe; 1% risk of failure)
Press: ? - help, Q - select action, (/) - cycle Shift-Dir - straight line, f - iguana
Aim: an iguana (lightly wounded, slow)
You freeze the iguana.
The iguana is moderately wounded.
Aiming: Freeze (safe; 1% risk of failure)
Press: ? - help, Q - select action, (/) - cycle Shift-Dir - straight line, f/p - iguana
Aim: an iguana (moderately wounded, slow)
You freeze the iguana!
The iguana is almost dead.
The iguana is no longer moving slowly.
The wall freezes the iguana.
You kill the iguana!
The wall freezes the endoplasm.
You kill the endoplasm!
Your icy armour cracks and falls away as you move.
The frozen ramparts melt away as you move.
Found 13 gold pieces and 2 stones.
e - 44 stones (gained 5)
You see here a +0 whip.
d - 7 boomerangs (gained 2)
Things that are here:
a +0 whip; an orc corpse You now have 145 gold pieces (gained 10).
Found a sling.
Found a whip.
Found a stone staircase leading down.
Found 13 gold pieces.
A sourceless malevolence fills the Dungeon...
You fall into a shaft and drop 2 floors!
The shaft crumbles and collapses.
Found 19 gold pieces.
As you open the door, it creaks loudly!
Found a blackened wooden ring.
There is an open door here.
i - a ring of protection from fire
i - a ring of protection from fire (right hand)
You open the door.
Found a scroll labelled XUPHOHATAN.
Found an escape hatch in the ceiling.
Found a stone staircase leading up.
A - a scroll labelled XUPHOHATAN
There are no items here.
There is a stone staircase leading up here.
You climb upwards.
Found 8 stones and 19 gold pieces.
Found an opulent altar of Gozag.
There is a stone staircase leading down here.
The helpless quokka fails to defend itself.
You puncture the quokka!
You kill the quokka!
Casting: Freeze (safe; 1% risk of failure)
Confirm with . or Enter, or press ? or * to list all spells.
Casting: Frozen Ramparts (dangerous; 3% risk of failure)
Press: ? - help, Dir - look around, f - activate The walls around you are covered in ice.
Casting: Frozen Ramparts (dangerous; 3% risk of failure)
Confirm with . or Enter, or press ? or * to list all spells.
A film of ice covers your body!
The wall freezes the scorpion. x2
The scorpion closely misses you.
Aiming: Freeze (safe; 1% risk of failure)
Press: ? - help, Q - select action, (/) - cycle Shift-Dir - straight line, f - scorpion
Aim: a scorpion (severely wounded)
You freeze the scorpion.
The scorpion is almost dead.
The wall freezes the scorpion but does no damage.
The scorpion stings you.
You don't have enough magic to cast this spell.
Unknown command.
You hit the scorpion but do no damage.
The scorpion is almost dead.
The wall freezes the scorpion.
The scorpion barely misses you.
You hit the scorpion but do no damage. You drain the scorpion.
You kill the scorpion!
Training target 4.0 for Stealth reached!
Your Stealth skill increases to level 4!
Your Ice Magic skill increases to level 5!
Your icy armour cracks and falls away as you move.
The frozen ramparts melt away as you move.
You see here a quokka corpse.
A scorpion and an orc come into view.
Found a club.
The orc shouts!
The orc moves out of view.
You see here a quokka corpse.
There is a stone staircase leading down here.
You barely miss the scorpion. The scorpion stings you!
You are poisoned.
The scorpion poisons you!
You hit the scorpion.
The scorpion is lightly wounded.
You feel very sick.
The scorpion stings you but does no damage.
You barely miss the scorpion.
The scorpion is lightly wounded.
You feel very sick. The scorpion barely misses you.
The scorpion stings you but does no damage.
You barely miss the scorpion.
The scorpion is lightly wounded.
You feel sick. The scorpion stings you.
You hit the scorpion. You drain the scorpion.
You punch the scorpion, but do no damage.
The scorpion is heavily wounded.
You feel sick.
The scorpion stings you but does no damage.
It was a potion of might.
You feel very mighty all of a sudden.
You feel sick. The scorpion barely misses you.
You puncture the scorpion!
You kill the scorpion!
You feel sick.
You barely miss the orc.
You feel sick.
An ogre comes into view. It is wielding a +0 giant spiked club.
The orc barely misses you.
You completely miss the orc.
You feel sick. The orc hits you but does no damage.
The ogre shouts!
You hit the orc but do no damage.
You feel sick.
You are no longer poisoned.
The orc completely misses you.
You completely miss the orc. The orc hits you with a +0 dagger.
You barely miss the orc. The orc misses you.
Casting: Freeze (safe; 1% risk of failure)
Confirm with . or Enter, or press ? or * to list all spells.
Casting: Frozen Ramparts (dangerous; 3% risk of failure)
Press: ? - help, Dir - look around, f - activate The walls around you are covered in ice.
The wall freezes the ogre.
The wall freezes the orc.
The orc hits you but does no damage.
You hit the orc.
You kill the orc!
An ogre comes into view. It is wielding a +0 giant spiked club.
The wall freezes the ogre.
The ogre shouts!
You puncture the ogre!
The ogre is heavily wounded.
The wall freezes the ogre.
The ogre barely misses you.
You puncture the ogre! You drain the ogre.
You kill the ogre!
Your Spellcasting skill increases to level 3!
You have reached level 6!
Your experience leads to a dramatic increase in your attributes!
Your base attributes are Str 9, Int 21, Dex 14.
Increase (S)trength, (I)ntelligence, or (D)exterity?
You feel stronger. x4
Unknown command.
Your frozen ramparts will break if you move.
Continue?
The frozen ramparts melt away as you move.
A wight comes into view.
It is wielding a +3 scimitar of freezing.
Found a scroll labelled DOABLU ITUF.
Found a scroll labelled DOD YQOAVUDGH.
You feel a little less mighty now.
Found a runed mace.
An iguana comes into view.
Found a mace.
Found a twisted steel ring.
The iguana hisses angrily.
Found a stone staircase leading down.
A jelly comes into view.
The jelly quivers.
Casting: Frozen Ramparts (dangerous; 2% risk of failure)
Confirm with . or Enter, or press ? or * to list all spells.
A film of ice covers your body!
Casting: Ozocubu's Armour (dangerous; 2% risk of failure)
Confirm with . or Enter, or press ? or * to list all spells.
Casting: Frozen Ramparts (dangerous; 2% risk of failure)
Press: ? - help, Dir - look around, f - activate The walls around you are covered in ice.
The wall freezes the jelly.
You hit the jelly. You drain the jelly.
Your hands burn!
The jelly is heavily wounded.
The wall freezes the jelly.
The jelly barely misses you.
The wall freezes the ogre.
You hit the jelly.
Your hands burn!
The jelly is severely wounded.
The wall freezes the jelly!
You kill the jelly!
The wall freezes the ogre.
You hit the ogre. You drain the ogre.
The ogre is moderately wounded.
The wall freezes the ogre.
The ogre hits you with a +0 giant spiked club!!
* * * LOW HITPOINT WARNING * * *
You hit the ogre but do no damage.
The ogre is heavily wounded.
You hit the ogre. You drain the ogre.
The ogre is severely wounded.
The wall freezes the ogre.
The ogre hits you with a +0 giant spiked club!!
You die...

Skill      XL: |  1  2  3  4  5 |
---------------+----------------+-----
Stealth        | 2 3 4 |  4.0
Spellcasting   | 2 3 |  3.2
Ice Magic      | 4 5 |  5.7
Dodging        | |  1.7

Action                     |  1- 3 |  4- 6 || total
---------------------------+-------+-------++-------
  Melee: Unarmed           |     4 |       ||     4
         Short sword       |     9 |    32 ||    41
         Dagger            |     4 |       ||     4
         Punch             |       |     1 ||     1
  Throw: Stone             |     6 |       ||     6
   Cast: Freeze            |    57 |    13 ||    70
         Frozen Ramparts   |     1 |     5 ||     6
         Ozocubu's Armour  |       |     4 ||     4
    Use: Potion            |       |     1 ||     1
   Stab: Sleeping          |     8 |     3 ||    11
 Armour: Robe              |     9 |     7 ||    16
  Dodge: Dodged            |    38 |    14 ||    52

Levels and vault maps discovered:
D:1:      psy_arrival_basics, layout_loops_ring
D:2:      layout_loops_ring, ebering_ecumenical_altar_webs, kennysheep_potato,
          uniq_terence
D:3:      layout_loops_corners
D:4:      layout_loops_ring, lemuel_crystal_altar, nicolae_ossuary_entry_ruins,
          minmay_circle_x, uniq_sigmund
D:5:      layout_basic, nicolae_dithmenos_through_a_glass_darkly,
          nicolae_gozag_seed_capital, biasface_ghost_orc_armoury, minivault_19
D:6:      layout_gridville, nicolae_overflow_hidden_temple,
          minmay_temple_entry_overgrown, grunt_ministairs_8

Notes
Turn   | Place    | Note
-------+----------+-------------------------------------------
     0 | D:1      | scionoferis the Demigod Ice Elementalist began the quest
                  | for the Orb.
     0 | D:1      | Reached XP level 1. HP: 14/14 MP: 5/5
   146 | D:1      | Reached skill level 2 in Stealth
   276 | D:1      | Reached XP level 2. HP: 19/20 MP: 5/7
   347 | D:1      | Reached skill level 2 in Spellcasting
   686 | D:1      | Reached skill level 4 in Ice Magic
  1238 | D:2      | Noticed Terence
  1286 | D:2      | Reached XP level 3. HP: 24/26 MP: 6/8
  1290 | D:2      | Learned a level 3 spell: Frozen Ramparts
  2088 | D:2      | Killed Terence
  2089 | D:2      | Reached skill level 3 in Stealth
  2089 | D:2      | Reached XP level 4. HP: 33/33 MP: 4/10
  2765 | D:3      | Learned a level 3 spell: Ozocubu's Armour
  3186 | D:4      | Reached XP level 5. HP: 33/38 MP: 2/11
  3204 | D:4      | You fall into a shaft and drop 2 floors!
  3243 | D:5      | Entered Level 5 of the Dungeon
  3252 | D:5      | Reached skill level 4 in Stealth
  3252 | D:5      | Reached skill level 5 in Ice Magic
  3268 | D:5      | Noticed an ogre
  3274 | D:5      | Noticed an ogre
  3276 | D:5      | Killed an ogre
  3277 | D:5      | Reached skill level 3 in Spellcasting
  3277 | D:5      | Reached XP level 6. HP: 18/45 MP: 1/13
  3334 | D:5      | Demolished by an ogre

Vanquished Creatures
  An ogre (D:5)
  3 scorpions (D:4 D:5)
  A jelly (D:5)
  An iguana (D:4)
  Terence (D:2)
  A shadow imp (D:3)
  4 dart slugs (D:2)
  2 orcs (D:4 D:5)
  5 bats (D:1 D:2 D:3)
  6 endoplasms (D:1 D:2 D:4)
  4 giant cockroaches (D:1 D:2 D:3)
  5 goblins (D:1 D:2 D:3)
  7 hobgoblins (D:1 D:2)
  7 jackals (D:1 D:2)
  A quokka (D:5)
  6 ball pythons (D:1 D:2 D:3)
  3 frilled lizards (D:1 D:2)
  7 kobolds (D:1 D:2 D:4)
  6 rats (D:1 D:2 D:3)
71 creatures vanquished.

Table legend: (Time is in decaauts)
 A = Elapsed time spent in this place.
 B = Non-inter-level travel time spent in this place.
 C = Inter-level travel time spent in this place.
 D = Time resting spent in this place.
 E = Time spent auto-exploring this place.
 F = Levels seen in this place.
 G = Mean time per level.
                   A        B        C        D        E       F      G
               +--------+--------+--------+--------+--------+-----+--------+
         Total |   3331 |   3159 |    172 |    355 |   2132 |   6 |  555.2 |
       Dungeon |   3331 |   3159 |    172 |    355 |   2132 |   6 |  555.2 |
               +--------+--------+--------+--------+--------+-----+--------+

Top non-repeatable levels by time:
     D:1: 1156 daAuts
     D:2: 1033 daAuts
     D:3: 941 daAuts
     D:5: 90 daAuts
     D:4: 69 daAuts
     D:6: 38 daAuts

Table legend:
 A = Non-vault XP
 B = Vault XP
 C = Vault XP percentage of total XP
 D = Non-vault monster count
 E = Vault monster count
 F = Vault count percentage of total count
                 A         B        C        D         E       F
            +---------+---------+-------+---------+---------+-------
      Total |     523 |      77 |  12.8 |      64 |       7 |   9.9
            +---------+---------+-------+---------+---------+-------
        D:1 |      44 |       0 |   0.0 |      26 |       0 |   0.0
        D:2 |      48 |      34 |  41.5 |      23 |       3 |  11.5
        D:3 |      21 |       0 |   0.0 |       7 |       0 |   0.0
        D:4 |      84 |      43 |  33.9 |       2 |       4 |  66.7
        D:5 |     326 |       0 |   0.0 |       6 |       0 |   0.0
            +---------+---------+-------+---------+---------+-------
